 Dungeon Crawl Stone Soup version 0.19-a0-1277-g7cecae3 (webtiles) character file.

21538 MrRokkomies the Grappler (level 12, -8/106 HPs)
             Began as a Ghoul Monk on Aug 26, 2016.
             Was a Priest of Uskayaw.
             Mangled by a komodo dragon (21 damage)
             ... on level 3 of the Lair of Beasts on Aug 30, 2016.
             The game lasted 00:41:25 (12902 turns).

MrRokkomies the Grappler (Ghoul Monk)              Turns: 12902, Time: 00:41:25

Health: -8/106     AC: 23    Str: 28    XL:     12   Next: 91%
Magic:  14/14      EV: 14    Int:  6    God:    Uskayaw [***...]
Gold:   440        SH:  0    Dex: 12    Spells: 4 memorised, 5 levels left

rFire  . . .     SeeInvis +       - Unarmed
rCold  + . .     Gourm    +     u - +0 plate armour
rNeg   + + +     Faith    .     (no shield)
rPois  ∞         Spirit   .     J - +2 helmet {SInv}
rElec  .         Dismiss  .     G - +1 cloak of Curiosity {MR++ SInv}
rCorr  .         Reflect  .     (no gloves)
MR     ++...     Harm     .     k - +1 pair of boots (curse)
Stlth  ..........               N - amulet of Xucriov {Gourm rN+ Str+10}
                                h - +3 ring of evasion
                                H - +1 ring of protection

@: rotting
A: rotting body, claws 1, carnivore 3, cold resistance 1, negative energy
resistance 3, slow regeneration 1, torment resistance, unbreathing
a: Stomp, Line Pass, Renounce Religion


You were on level 3 of the Lair of Beasts.
You worshipped Uskayaw.
Uskayaw was noncommittal.
You were not hungry.

You visited 3 branches of the dungeon, and saw 14 of its levels.
You also visited: Sewer.

You collected 698 gold pieces.
You spent 258 gold pieces at shops.

Inventory:

Hand Weapons
 b - a +1 blowgun
Missiles
 i - 75 poisoned needles
 l - 16 tomahawks (quivered)
 s - 3 silver tomahawks
 w - 5 curare-tipped needles
 Q - 2 needles of confusion
Armour
 k - a cursed +1 pair of boots (worn)
 u - a +0 plate armour (worn)
 G - the +1 cloak of Curiosity (worn) {MR++ SInv}
   (You acquired it on level 7 of the Dungeon)

   It affects your resistance to hostile enchantments.
   It lets you see invisible.
 J - a +2 helmet of see invisible (worn)
Jewellery
 c - an uncursed ring of ice
 e - an uncursed ring of protection from magic
 f - an uncursed ring of protection from cold
 h - a +3 ring of evasion (right claw)
 r - the ring "Vargheaco" {*Corrode +Fly rPois rF+}
   (You found it on level 4 of the Dungeon)

   [ring of flight]

   It protects you from fire.
   It protects you from poison.
   It lets you fly.
   It may corrode you when you take damage.
 H - a +1 ring of protection (left claw)
 N - the amulet of Xucriov (around neck) {Gourm rN+ Str+10}
   (You found it on level 1 of the Lair of Beasts)

   [amulet of the gourmand]

   It allows you to eat raw meat even when not hungry.
   It affects your strength (+10).
   It protects you from negative energy.
 S - an uncursed ring of protection from fire
Wands
 p - a wand of polymorph (10/24)
 I - a wand of iceblast (11/15)
 T - a wand of iceblast (7/15)
 U - a wand of acid (7/15)
Scrolls
 a - 2 scrolls of blinking
 d - 4 scrolls of teleportation
 n - 5 scrolls of remove curse
 y - 4 scrolls of identify
 L - a scroll of immolation
 O - a scroll of recharging
 P - a scroll of fog
 R - a scroll of amnesia
Potions
 m - 3 potions of flight
 v - 6 potions of agility
 x - 9 potions of curing
 A - 2 potions of heal wounds
 B - 2 potions of brilliance
 C - a potion of haste
 D - a potion of cancellation
Books
 q - a Necronomicon

   Spells                             Type                      Level
   a - Haunt                          Necromancy/Summoning         7
   b - Borgnjor's Revivification      Necromancy                   8
   c - Death's Door                   Charms/Necromancy            8
   d - Infestation                    Necromancy                   8
   e - Necromutation                  Transmutation/Necromancy     8
 t - a book of Party Tricks

   Spells                             Type                      Level
   a - Summon Butterflies             Summoning                    1
   b - Apportation                    Translocation                1
   c - Tukima's Dance                 Hexes                        3
   d - Alistair's Intoxication        Transmutation/Poison         5
   e - Invisibility                   Hexes                        6
 z - a book of Ice

   Spells                             Type                      Level
   a - Ice Form                       Ice/Transmutation            4
   b - Metabolic Englaciation         Hexes/Ice                    5
   c - Ozocubu's Refrigeration        Ice                          6
   d - Bolt of Cold                   Conjuration/Ice              6
   e - Freezing Cloud                 Conjuration/Ice/Air          6
   f - Simulacrum                     Ice/Necromancy               6
 K - a book of Minor Magic

   Spells                             Type                      Level
   a - Magic Dart                     Conjuration                  1
   b - Blink                          Translocation                2
   c - Call Imp                       Summoning                    2
   d - Repel Missiles                 Charms/Air                   2
   e - Slow                           Hexes                        2
   f - Conjure Flame                  Conjuration/Fire             3
   g - Mephitic Cloud                 Conjuration/Poison/Air       3
 M - a Grand Grimoire

   Spells                             Type                      Level
   a - Monstrous Menagerie            Summoning                    7
   b - Summon Greater Demon           Summoning                    7
   c - Malign Gateway                 Summoning/Translocation      7
   d - Summon Horrible Things         Summoning                    8
Miscellaneous
 o - a disc of storms
 V - a phantom mirror
Comestibles
 g - 12 meat rations
 j - 2 royal jellies
 E - 2 beef jerkies
 F - 9 slices of pizza
 W - a chunk of flesh


   Skills:
 - Level 10.1 Fighting
 - Level 8.4 Throwing
 * Level 9.2 Armour
 - Level 8.0 Dodging
 - Level 2.1 Stealth
 - Level 11.0 Unarmed Combat
 - Level 4.2 Invocations
 * Level 3.6 Evocations


You had 5 spell levels left.
You knew the following spells:

 Your Spells              Type           Power        Failure   Level  Hunger
a - Summon Butterflies    Summ           #.......     100%        1    ##.....
b - Apportation           Tloc           #.........   100%        1    ##.....
c - Blink                 Tloc           N/A          100%        2    ###....
d - Repel Missiles        Chrm/Air       #.....       100%        2    ###....


Dungeon Overview and Level Annotations

Branches:
Dungeon (10/15)            Temple (1/1) D:4            Lair (3/6) D:10
  Snake (0/4) Lair:3          Orc (0/2) D:10
  Swamp: Lair:2-4    Shoals: Lair:2-4

Altars:
Ashenzari
Cheibriados
Dithmenos
Elyvilon
Fedhas
Gozag
Hepliaklqana
Kikubaaqudgha
Makhleb
Nemelex Xobeh
Okawaru
Qazlal
Ru
Sif Muna
Trog
Uskayaw
Vehumet
Xom
Yredelemnul
The Shining One

Shops:
D:7 ?   D:8 [

Annotations:
Lair:2 exclusion: oklob plant


Innate Abilities, Weirdness & Mutations

Your body is rotting away.
You thrive on raw meat.
You are immune to poison.
You have sharp fingernails.
You are carnivorous and can eat meat at any time.
Your flesh is cold resistant. (rC+)
You are immune to negative energy. (rN+++)
You regenerate slowly when monsters are visible.
You are immune to unholy pain and torment.
You can survive without breathing.


Message History

You scratch the komodo dragon.
The komodo dragon is heavily wounded.
The komodo dragon closely misses you.
The komodo dragon bites the plant!!
You claw the komodo dragon! You claw the komodo dragon.
The komodo dragon is almost dead.
The komodo dragon barely misses you.
The komodo dragon bites the plant!!
The plant is destroyed!
Uskayaw will force your foes to helplessly watch your dance.
Uskayaw prepares the audience for your solo!
The helpless komodo dragon fails to defend itself.
You mangle the komodo dragon!!
You kill the komodo dragon!
The komodo dragon is no longer paralysed.
The komodo dragon bites you!
* * * LOW HITPOINT WARNING * * *
You see here a komodo dragon corpse.
You scratch the komodo dragon.
The komodo dragon is almost dead.
The komodo dragon bites you!!
You die...

..##... .......#
....#..... ...####...
##
..##..##..##########.##
..#....#..............#
.....#.#........#....#
.....#.#......P.PPPP.#
..####.........l@....#
..####.)......PP.PPP##
...#........%....#...#
................##.###
....§.§....%....# ##
#.≈§§≈≈§........#
..§≈#≈§§.§......#
#.§≈##§.........P#
..≈#§≈§.........P#


You could see a komodo dragon.

Vanquished Creatures
  2 hydras (Lair:3)
  Nergalle (Lair:2)
  The ghost of Deemzul the Slasher, a novice DsBe of Trog (D:7)
  A hill giant (D:10)
  Psyche (D:8)
  6 spiny frogs
  A gargoyle (D:10)
  6 komodo dragons
  The ghost of Banto the Spear-Bearer, a novice TeSk (D:5)
  5 polar bears (Lair:1)
  5 blink frogs (Lair:2)
  19 yaks
  Sigmund (D:2)
  A wyvern (Lair:3)
  Grum (D:8)
  5 hippogriffs
  A basilisk (Lair:3)
  3 hogs (D:7)
  A human (D:7)
  2 steam dragons
  A hungry ghost (D:10)
  2 nagas (Lair:3)
  4 water moccasins
  Duvessa (D:6)
  6 porcupines
  4 sky beasts
  3 black bears
  8 ogres
  5 orc warriors (D:10)
  2 ice beasts
  2 wolves (D:8)
  A phantom (D:7)
  A necrophage (D:7)
  11 crocodiles
  A big kobold (D:7)
  Blork the orc (D:6)
  7 giant frogs
  A wyvern zombie (D:8)
  Dowan (D:6)
  4 scorpions
  8 killer bees
  2 electric eels (D:10)
  A giant frog zombie (D:10)
  4 crimson imps
  2 hounds
  A quasit (D:5)
  A giant frog skeleton (D:7)
  7 orc priests
  2 jellies
  12 orc wizards
  2 centaur skeletons
  9 iguanas
  6 worker ants
  2 hound skeletons
  A howler monkey skeleton (D:7)
  A howler monkey zombie (D:7)
  18 river rats
  12 adders
  3 oozes
  An adder zombie (D:7)
  6 worms
  7 giant geckos
  37 orcs
  8 ball pythons
  5 giant cockroaches
  5 hobgoblins
  19 jackals
  7 quokkas
  A ball python zombie (D:5)
  11 bats
  2 giant newts
  3 goblins
  2 jackal skeletons
  A jackal zombie (D:5)
  33 kobolds
  30 rats
402 creatures vanquished.

Vanquished Creatures (others)
  A giant frog (D:8)
  2 plants (Lair:3)
  7 toadstools (Lair:3)
10 creatures vanquished.

Grand Total: 412 creatures vanquished

Notes
Turn   | Place    | Note
-------+----------+-------------------------------------------
     0 | D:1      | MrRokkomies the Ghoul Monk began the quest for the Orb.
     0 | D:1      | Reached XP level 1. HP: 19/19 MP: 0/0
   179 | D:1      | Reached XP level 2. HP: 24/26 MP: 1/1
   906 | D:2      | Noticed Sigmund
   953 | D:2      | Reached skill level 4 in Unarmed Combat
   958 | D:2      | Reached XP level 3. HP: 30/30 MP: 2/2
  1161 | D:3      | Reached XP level 4. HP: 30/41 MP: 3/3
  1405 | D:2      | Killed Sigmund
  1405 | D:2      | Reached skill level 5 in Fighting
  1405 | D:2      | Reached skill level 5 in Unarmed Combat
  1405 | D:2      | Reached XP level 5. HP: 24/48 MP: 4/4
  1597 | D:2      | Reached XP level 6. HP: 55/55 MP: 5/5
  2052 | D:3      | Noticed a moth of wrath
  2056 | D:3      | Found a bloodstained altar of Trog.
  2232 | D:3      | Found an opulent altar of Gozag.
  2447 | D:4      | Found a staircase to the Ecumenical Temple.
  2482 | Temple   | Entered the Ecumenical Temple
  2615 | Temple   | Became a worshipper of Uskayaw the Reveler
  2615 | Temple   | Reached * piety under Uskayaw
  2711 | D:4      | Reached ** piety under Uskayaw
  2721 | D:4      | Got a twitching tin ring
  2729 | D:4      | Identified the ring "Vargheaco" {*Corrode +Fly rPois rF+} (You found it on level 4 of the Dungeon)
  2735 | D:4      | Upgraded the game from 0.19-a0-1225-gf887c1c to 0.19-a0-1261-g420a265
  2739 | D:4      | Reached skill level 6 in Unarmed Combat
  2739 | D:4      | Reached skill level 1 in Invocations
  2804 | D:4      | Reached XP level 7. HP: 20/62 MP: 7/7
  3287 | D:4      | Reached *** piety under Uskayaw
  3294 | D:4      | Reached **** piety under Uskayaw
  3745 | D:5      | Entered Level 5 of the Dungeon
  3774 | D:5      | Learned a level 1 spell: Summon Butterflies
  3776 | D:5      | Learned a level 1 spell: Apportation
  3864 | D:5      | Noticed Banto's ghost (novice TeSk)
  3877 | D:5      | Killed Banto's ghost
  3877 | D:5      | Reached skill level 7 in Unarmed Combat
  3994 | D:5      | Found a hazy altar of Hepliaklqana.
  3995 | D:5      | Found a white marble altar of Elyvilon.
  4080 | D:5      | Reached XP level 8. HP: 69/69 MP: 10/10
  4315 | D:5      | Found a glowing drain.
  4329 | Sewer    | Entered a sewer
  4497 | Sewer    | Reached skill level 8 in Unarmed Combat
  4860 | Sewer    | Upgraded the game from 0.19-a0-1261-g420a265 to 0.19-a0-1277-g7cecae3
  5292 | D:6      | Noticed Dowan
  5293 | D:6      | Noticed Duvessa
  5321 | D:6      | Killed Duvessa
  5326 | D:6      | Killed Dowan
  5516 | D:6      | Reached skill level 9 in Unarmed Combat
  5593 | D:6      | Found a shattered altar of Ashenzari.
  5598 | D:6      | Noticed Blork the orc
  5606 | D:6      | Killed Blork the orc
  5758 | D:6      | Reached XP level 9. HP: 79/79 MP: 11/11
  5831 | D:7      | Reached ***** piety under Uskayaw
  5882 | D:7      | Reached skill level 10 in Unarmed Combat
  6048 | D:7      | Noticed Deemzul's ghost (novice DsBe)
  6075 | D:7      | Killed Deemzul's ghost
  6258 | D:7      | Reached skill level 10 in Fighting
  6258 | D:7      | Reached skill level 11 in Unarmed Combat
  6258 | D:7      | Reached XP level 10. HP: 66/93 MP: 12/12
  6262 | D:7      | Reached skill level 1 in Armour
  6686 | D:7      | Identified a scroll of acquirement
  6687 | D:7      | Got a scorched cloak
  6693 | D:7      | Identified the +1 cloak of Curiosity {MR++ SInv} (You acquired it on level 7 of the Dungeon)
  6810 | D:7      | Found a burning altar of Makhleb.
  6986 | D:7      | Found Neklam's Magic Scroll Boutique.
  7149 | D:8      | Noticed Grum
  7156 | D:8      | Noticed Psyche
  7165 | D:8      | Killed Grum
  7170 | D:8      | Killed Psyche
  7175 | D:8      | Reached skill level 5 in Dodging
  7210 | D:8      | Found a bloodstained altar of Trog.
  8090 | D:8      | Found Jisivonuu's Armour Boutique.
  8098 | D:8      | Bought a +2 helmet of see invisible for 258 gold pieces
  8314 | D:9      | Learned a level 2 spell: Blink
  8317 | D:9      | Learned a level 2 spell: Repel Missiles
  8397 | D:9      | Found a sparkling altar of Nemelex Xobeh.
  8437 | D:9      | Reached skill level 5 in Armour
  8707 | D:9      | Reached skill level 1 in Throwing
  8725 | D:9      | Reached XP level 11. HP: 62/94 MP: 13/13
  8795 | D:10     | Entered Level 10 of the Dungeon
  9138 | D:10     | Found a staircase to the Orcish Mines.
  9308 | D:10     | Reached skill level 5 in Throwing
  9337 | D:10     | Found a staircase to the Lair.
  9388 | D:10     | Noticed a hill giant
  9398 | D:10     | Killed a hill giant
 10022 | D:10     | Found a blossoming altar of Fedhas.
 10104 | Lair:1   | Entered Level 1 of the Lair of Beasts
 10643 | Lair:1   | Got a coiled ivory amulet
 10644 | Lair:1   | Identified the amulet of Xucriov {Gourm rN+ Str+10} (You found it on level 1 of the Lair of Beasts)
 10685 | Lair:1   | Reached XP level 12. HP: 99/105 MP: 14/14
 11178 | Lair:2   | Noticed Nergalle
 11189 | Lair:2   | Killed Nergalle
 12498 | Lair:3   | Reached skill level 1 in Evocations
 12646 | Lair:3   | Found a staircase to the Snake Pit.
 12718 | Lair:3   | Noticed an eight-headed hydra
 12725 | Lair:3   | Killed an eight-headed hydra
 12731 | Lair:3   | Noticed a six-headed hydra
 12747 | Lair:3   | Killed a six-headed hydra
 12902 | Lair:3   | Mangled by a komodo dragon

Vault maps used:
D:1:      lightli_arrival_chessboard
D:2:      uniq_sigmund
D:3:      nicolae_gozag_seed_capital, tgw_trog
D:5:      gammafunk_temple_overflow_pools, first_bread, portal_sewer_entry_a
D:6:      old_standard_altar, hangedman_abyss_or_decor_lesser_grid,
          uniq_blork_the_orc, uniq_duvessa
D:7:      makhleb_blood_cavern_becter, serial_shops, kennysheep_mini,
          grunt_livestock
D:8:      serial_shops, shop, trog_three_pillars_becter, uniq_psyche, uniq_grum
D:9:      nicolae_overflow_hidden_temple, kennysheep_mini_moat
D:10:     lair_0_dummy, erik_orc_2, fedhas_altar_fruit_tree
Temple:   dshaligram_water_room_temple
Lair:1:   beast_lair_carwin_large_2
Lair:2:   beast_lair_carwin_10, uniq_nergalle
Lair:3:   gammafunk_lair_enchanted_lake, guppyfry_snake_entry_island,
          serial_forest, infiniplex_forest_join, infiniplex_forest_clump_tiny,
          infiniplex_forest_straight_2, infiniplex_forest_clump_small,
          infiniplex_forest_clump_tiny, infiniplex_forest_straight_4,
          infiniplex_forest_lined_room_, infiniplex_forest_side_room,
          minivault_24, beast_lair_carwin_6
Sewer:    sewer_minmay_treatment

Skill      XL: |  1  2  3  4  5  6  7  8  9 10 11 12 |
---------------+-------------------------------------+-----
Unarmed Combat | 4 5 6 7 9 11 | 11.0
Fighting       | 4 5 8 10 | 10.1
Invocations    | 2 4 |  4.2
Armour         | 5 6 9 |  9.2
Dodging        | 6 8 |  8.0
Throwing       | 2 6 8 |  8.4
Evocations     | 3 |  3.6
Stealth        | |  2.1

Action                   |  1- 3 |  4- 6 |  7- 9 | 10-12 || total
-------------------------+-------+-------+-------+-------++-------
Melee: Unarmed           |   101 |   184 |   438 |   861 ||  1584
       Punch             |     2 |     2 |     9 |    39 ||    52
 Fire: Blowgun           |       |     3 |       |       ||     3
Throw: Tomahawk          |       |       |       |    30 ||    30
Invok: Stomp             |       |       |       |     1 ||     1
Evoke: Wand              |       |       |       |     5 ||     5
  Use: Potion            |     2 |     2 |     3 |     2 ||     9
       Scroll            |     1 |     4 |     7 |    17 ||    29
 Stab: Sleeping          |     5 |       |       |       ||     5
       Paralysed         |       |       |    11 |    40 ||    51
  Eat: Chunk             |     3 |     4 |    31 |    45 ||    83
Armor: Ring mail         |    12 |       |       |       ||    12
       Robe              |     7 |       |       |       ||     7
       Chain mail        |    32 |   138 |   202 |   123 ||   495
       Plate armour      |       |       |       |   243 ||   243
Dodge: Dodged            |    64 |    63 |   226 |   462 ||   815
Block: Shield            |       |       |       |     4 ||     4
